 Dungeon Crawl Stone Soup version 0.31-a0-981-geadf994542 (webtiles) character file.

Game seed: 15281556643967369858

52 CowFu the Chopper (level 3, -1/31 HPs)
             Began as a Gnoll Reaver on Nov 1, 2023.
             Succumbed to an adder's poison
             ... on level 2 of the Dungeon.
             The game lasted 00:01:34 (860 turns).

CowFu the Chopper (Gnoll Reaver)                     Turns: 860, Time: 00:01:34

Health: -1/31      AC:  3    Str: 13    XL:     3   Next: 85%
Magic:  9/9        EV: 12    Int: 12    God:
Gold:   69         SH:  3    Dex: 10    Spells: 11/12 levels left

rFire   + . .        a - +0 hand axe
rCold   + . .        h - +0 buckler
rNeg    . . .        b - +0 leather armour
rPois   +            (no helmet)
rElec   +            (no cloak)
rCorr   +            (no gloves)
SInv    .            (no boots)
Will    .....        (no amulet)
Stlth   +            c - ring of flight
HPRegen 0.25/turn    (no ring)
MPRegen 0.11/turn

%: no passive effects
@: lethally poisoned (-1 -> -7), resistant, flying
A: fangs 1, strong nose, distributed training
a: no special abilities


You were on level 2 of the Dungeon.
You visited 1 branch of the dungeon, and saw 2 of its levels.

You collected 69 gold pieces.

Inventory:

Hand Weapons
 a - a +0 hand axe (weapon)
Armour
 b - a +0 leather armour (worn)
 h - a +0 buckler (worn)
Jewellery
 c - a ring of flight (left hand)
Scrolls
 d - 3 scrolls of identify {unknown}
 f - a scroll of amnesia {unknown}
 i - 2 scrolls of teleportation {unknown}
Potions
 e - a potion of resistance
 g - a potion of magic {unknown}


   Skills:
 + Level 4.6 Fighting
 + Level 1.0 Short Blades
 + Level 1.0 Long Blades
 + Level 6.5 Axes
 + Level 1.0 Maces & Flails
 + Level 1.0 Polearms
 + Level 1.0 Staves
 + Level 1.0 Ranged Weapons
 + Level 1.0 Throwing
 + Level 1.0 Armour
 + Level 4.6 Dodging
 + Level 1.0 Stealth
 + Level 1.0 Shields
 + Level 1.0 Unarmed Combat
 + Level 5.0 Spellcasting
 + Level 5.4 Conjurations
 + Level 0.7 Hexes
 + Level 0.7 Summonings
 + Level 0.7 Necromancy
 + Level 0.7 Translocations
 + Level 0.7 Transmutations
 + Level 0.7 Fire Magic
 + Level 0.7 Ice Magic
 + Level 0.7 Air Magic
 + Level 0.7 Earth Magic
 + Level 0.7 Poison Magic
 + Level 1.0 Invocations
 + Level 1.0 Evocations
 + Level 0.8 Shapeshifting


You had 11 spell levels left.
You knew the following spells:

 Your Spells              Type           Power      Damage    Failure   Level
a - Kiss of Death         Conj/Necr      40%        2d8       10%         1

Your spell library contained the following spells:

 Spells                   Type           Power      Damage    Failure   Level
 Momentum Strike          Conj/Tloc      20%        3d8       16%         2
 Hailstorm                Conj/Ice       10%        3d5       30%         3
 Cigotuvi's Dreadful Rot  Necr/Pois/Air  8%         N/A       38%         2
 Ignite Poison            Fire/Tmut/Pois 4%         N/A       63%         3
 Freezing Cloud           Conj/Ice/Air   4%         6-21      98%         5


Dungeon Overview and Level Annotations

Branches:
Dungeon (2/15)

Altars:


Innate Abilities, Weirdness & Mutations

You have very sharp teeth.
Your uncanny sense of smell can sniff out nearby items.
Your experience applies equally to all skills.


Message History

The adder is moderately wounded.
You closely miss the adder. You barely miss the worm. The adder bites you. x2
You are poisoned.
The adder poisons you!
You feel sick. The adder attacks as it pursues you!
You block the adder's attack.
You feel sick. The adder bites you.
* * * LOW HITPOINT WARNING * * *
The adder bites you.
* * * LOW HITPOINT WARNING * * *
The worm attacks as it pursues you! The worm bites you but does no damage.
You hit the adder.
The adder is almost dead.
You barely miss the adder. You hit the worm.
You feel sick. The adder misses you. You block the adder's attack.
You hit the adder.
You kill the adder!
You hit the worm. You miss the adder.
You feel sick.
You are no longer poisoned.
The adder bites you.
* * * LOW HITPOINT WARNING * * *
The worm barely misses you. The adder bites you.
* * * LOW HITPOINT WARNING * * *
You are lethally poisoned!
The adder poisons you!
Your Short Blades skill increases to level 1!
Your Long Blades skill increases to level 1!
Your Maces & Flails skill increases to level 1!
Your Polearms skill increases to level 1!
Your Staves skill increases to level 1!
Your Ranged Weapons skill increases to level 1!
Your Throwing skill increases to level 1!
Your Armour skill increases to level 1!
Your Stealth skill increases to level 1!
Your Shields skill increases to level 1!
Your Unarmed Combat skill increases to level 1!
Your Evocations skill increases to level 1!
It was a potion of resistance.
You feel protected.
You die...

#(.# #..###... #..#
##...... .. #..###†..#.#
∆ ....####†.##.)....# ..
..................###...
....###.###+###..#......
........# #......##
#######.# #..###..# #.#
#@S#∆ ... #.# #wg##.#
##### #.# ##S..#
##...###.# ##..#
#.....##.# #....
.........# #....#
#.....#### ####...
##...## ...# ##### ..#∆


You could see a worm, 2 adders and a hobgoblin.

Vanquished Creatures
  An adder (D:2)
  2 dart slugs
  6 bats
  2 endoplasms
  2 giant cockroaches
  2 goblins (D:1)
  A hobgoblin (D:2)
  8 jackals (D:1)
  A quokka (D:1)
  3 ball pythons
  3 frilled lizards (D:1)
  3 kobolds
  3 rats (D:1)
37 creatures vanquished.

Notes
Turn   | Place    | Note
-------+----------+-------------------------------------------
     0 | D:1      | CowFu the Gnoll Reaver began the quest for the Orb.
     0 | D:1      | Reached XP level 1. HP: 20/20 MP: 6/6
    48 | D:1      | Reached XP level 2. HP: 22/26 MP: 7/7
   311 | D:1      | Reached XP level 3. HP: 21/31 MP: 9/9
   312 | D:1      | Reached skill level 5 in Spellcasting
   812 | D:2      | Reached skill level 1 in Invocations
   859 | D:2      | HP: 1/31 [adder (1)]
   860 | D:2      | Reached skill level 1 in Short Blades
   860 | D:2      | Reached skill level 1 in Long Blades
   860 | D:2      | Reached skill level 1 in Maces & Flails
   860 | D:2      | Reached skill level 1 in Polearms
   860 | D:2      | Reached skill level 1 in Staves
   860 | D:2      | Reached skill level 1 in Ranged Weapons
   860 | D:2      | Reached skill level 1 in Throwing
   860 | D:2      | Reached skill level 1 in Armour
   860 | D:2      | Reached skill level 1 in Stealth
   860 | D:2      | Reached skill level 1 in Shields
   860 | D:2      | Reached skill level 1 in Unarmed Combat
   860 | D:2      | Reached skill level 1 in Evocations
   860 | D:2      | Succumbed to an adder's poison

Illustrated notes

Levels and vault maps discovered:
D:1:      evilmike_arrival_crescent, layout_basic
D:2:      layout_loops_ring, shapermc_ecumenical_altar_flowoftime, minmay_vboxes

Skill      XL: |  1  2  3 |
---------------+----------+-----
Spellcasting   | 5 |  5.0
Invocations    | 1 |  1.0
Short Blades   | 1 |  1.0
Long Blades    | 1 |  1.0
Maces & Flails | 1 |  1.0
Polearms       | 1 |  1.0
Staves         | 1 |  1.0
Ranged Weapons | 1 |  1.0
Throwing       | 1 |  1.0
Armour         | 1 |  1.0
Stealth        | 1 |  1.0
Shields        | 1 |  1.0
Unarmed Combat | 1 |  1.0
Evocations     | 1 |  1.0
Fighting       | |  4.6
Axes           | |  6.5
Dodging        | |  4.6
Conjurations   | |  5.4
Hexes          | |  0.7
Summonings     | |  0.7
Necromancy     | |  0.7
Translocations | |  0.7
Transmutations | |  0.7
Fire Magic     | |  0.7
Ice Magic      | |  0.7
Air Magic      | |  0.7
Earth Magic    | |  0.7
Poison Magic   | |  0.7
Shapeshifting  | |  0.8

Action                     || total
---------------------------++-------
  Melee: Hand axe          ||   118
         Bite              ||     9
    Use: Potion            ||     1
 Armour: Leather armour    ||    85
  Dodge: Dodged            ||   119
  Block: Buckler           ||    13

Table legend: (Time is in decaauts)
 A = Elapsed time spent in this place.
 B = Non-inter-level travel time spent in this place.
 C = Inter-level travel time spent in this place.
 D = Time resting spent in this place.
 E = Time spent auto-exploring this place.
 F = Levels seen in this place.
 G = Mean time per level.
                   A        B        C        D        E       F      G
               +--------+--------+--------+--------+--------+-----+--------+
         Total |    858 |    826 |     32 |      0 |    574 |   2 |  429.0 |
       Dungeon |    858 |    826 |     32 |      0 |    574 |   2 |  429.0 |
               +--------+--------+--------+--------+--------+-----+--------+

Top non-repeatable levels by time:
     D:1: 710 daAuts
     D:2: 147 daAuts
